 Dungeon Crawl Stone Soup version 0.24-a0-549-g45f0056d81 (webtiles) character file.

Game seed: 16225434484842005405

58 DasRunzen the Skirmisher (level 3, -1/33 HPs)
             Began as a Minotaur Fighter on Aug 20, 2019.
             Killed from afar by a white imp (8 damage)
             ... with a puff of frost
             ... summoned by Natasha
             ... on level 2 of the Dungeon.
             The game lasted 00:01:47 (499 turns).

DasRunzen the Skirmisher (Minotaur Fighter)          Turns: 499, Time: 00:01:48

Health: -1/33      AC:  8    Str: 20    XL:     3   Next: 76%
Magic:  2/2        EV:  7    Int:  5    God:
Gold:   40         SH:  9    Dex: 10    Spells: 2/2 levels left

rFire    + . .     SeeInvis .   a - +1 war axe
rCold    . . .     Gourm    .   c - +0 shield
rNeg     . . .     Faith    .   b - +0 scale mail
rPois    .         Spirit   .   (helmet restricted)
rElec    .         Reflect  .   (no cloak)
rCorr    .         Harm     .   (no gloves)
MR       .....                  l - +0 pair of boots
Stlth    ..........             q - amulet of magic regeneration
HPRegen  0.11/turn              i - ring of protection from fire
MPRegen  0.33/turn              (no ring)

@: no status effects
A: retaliatory headbutt, horns 2
a: no special abilities


You were on level 2 of the Dungeon.
You were not hungry.

You visited 1 branch of the dungeon, and saw 2 of its levels.

You collected 40 gold pieces.

Inventory:

Hand Weapons
 a - a +1 war axe (weapon)
Armour
 b - a +0 scale mail (worn)
 c - a +0 shield (worn)
 l - a +0 pair of boots (worn)
Jewellery
 i - a ring of protection from fire (left hand)
 q - an amulet of magic regeneration (around neck)
Potions
 d - a potion of might
 e - a potion of lignification {unknown}
 g - a potion of haste {unknown}
 j - a potion of degeneration {unknown}
 n - a potion of curing {unknown}
Comestibles
 f - 4 rations


   Skills:
 + Level 4.2 Fighting
 + Level 3.2 Axes
 + Level 4.2 Armour
 + Level 4.2 Shields


You had 2 spell levels left.
You didn't know any spells.
Your spell library was empty.

Dungeon Overview and Level Annotations

Branches:
Dungeon (2/15)

Altars:

Annotations:
D:2 Natasha


Innate Abilities, Weirdness & Mutations

You reflexively headbutt those who attack you in melee.
You have a pair of horns on your head.


Message History

The white imp grins evilly.
The white imp hits you but does no damage.
You are too injured to fight recklessly!
You are too injured to fight recklessly!
Unknown command.
You are too injured to fight recklessly!
You are too injured to fight recklessly!
You hit the rat.
You kill the rat!
You hit the white imp. You completely miss Natasha.
Natasha extends her claws.
Natasha claws you but does no damage. You block the white imp's attack.
The goblin hits you but does no damage. Natasha claws you.
* * * LOW HITPOINT WARNING * * *
You hit Natasha.
Natasha is moderately wounded.
You barely miss the goblin. You closely miss the white imp.
The white imp gestures at you. The puff of frost hits you!
You die...

#.# .%# #.# #.# #.#
# #.# #.#
#.#####.## #.#
#....#...## #.#
##........[###.#
......h†....##.####
...l..5@g.........#
.............††...#
..................#
......#...........#
.....####.........#
..... #.........#
#### #.........#
#.......<.#
###########


You could see Natasha, a white imp, a goblin and a frilled lizard.

Vanquished Creatures
  Natasha (D:2)
  2 dart slugs (D:1)
  2 giant cockroaches (D:1)
  6 goblins
  A hobgoblin (D:1)
  2 jackals (D:1)
  5 kobolds (D:1)
  A ball python (D:1)
  3 bats
  2 frilled lizards
  6 rats
31 creatures vanquished.

Notes
Turn   | Place    | Note
-------+----------+-------------------------------------------
     0 | D:1      | DasRunzen the Minotaur Fighter began the quest for the Orb.
     0 | D:1      | Reached XP level 1. HP: 19/19 MP: 0/0
    57 | D:1      | Reached XP level 2. HP: 27/27 MP: 1/1
   362 | D:1      | Reached XP level 3. HP: 33/33 MP: 2/2
   464 | D:2      | Noticed Natasha
   478 | D:2      | Killed Natasha
   490 | D:2      | Noticed Natasha
   499 | D:2      | Killed from afar by a white imp

Levels and vault maps discovered:
D:1:      dpeg_arrival_windows_large_door, layout_rooms
D:2:      layout_rooms, uniq_natasha, uniq_terence, uniq_crazy_yiuf_cottage

Skill      XL: |  1  2 |
---------------+-------+-----
Fighting       | 4 |  4.2
Armour         | 4 |  4.2
Shields        | 4 |  4.2
Axes           | 3 |  3.2

Action                   || total
-------------------------++-------
Melee: War axe           ||    70
       Headbutt          ||     8
  Use: Scroll            ||     6
Armor: Scale mail        ||    51
Dodge: Dodged            ||    24
Block: Shield            ||    53

Table legend:
 A = Non-vault XP
 B = Vault XP
 C = Vault XP percentage of total XP
 D = Non-vault monster count
 E = Vault monster count
 F = Vault count percentage of total count
                 A         B        C        D         E       F
            +---------+---------+-------+---------+---------+-------
      Total |      48 |      36 |  42.9 |      30 |       1 |   3.2
            +---------+---------+-------+---------+---------+-------
        D:1 |      41 |       0 |   0.0 |      25 |       0 |   0.0
        D:2 |       7 |      36 |  83.7 |       5 |       1 |  16.7
            +---------+---------+-------+---------+---------+-------
